 Dungeon Crawl Stone Soup version 0.32-a0-540-g866d13106e (webtiles) character file.

Game seed: 6115264569338485807

23 gimp the Gusty (level 2, -1/15 HPs)
             Began as a Deep Elf Air Elementalist on Feb 28, 2024.
             Slain by Terence
             ... wielding a +0 flail
              (8 damage)
             ... on level 2 of the Dungeon.
             The game lasted 00:01:42 (1101 turns).

gimp the Gusty (Deep Elf Air Elementalist)          Turns: 1101, Time: 00:01:43

Health: -1/15      AC:  2    Str:  5    XL:     2   Next: 72%
Magic:  5/8        EV: 12    Int: 19    God:
Gold:   55         SH:  0    Dex: 15    Spells: 7/8 levels left

rFire   . . .        (no weapon)
rCold   . . .        (no shield)
rNeg    . . .        a - +0 robe
rPois   .            (no helmet)
rElec   .            (no cloak)
rCorr   .            (no gloves)
SInv    .            (no boots)
Will    .....        (no amulet)
Stlth   ++           (no ring)
HPRegen 0.22/turn    (no ring)
MPRegen 0.11/turn

%: no passive effects
@: no status effects
A: no striking features
a: no special abilities


You were on level 2 of the Dungeon.
You visited 1 branch of the dungeon, and saw 2 of its levels.

You collected 55 gold pieces.

Inventory:

Armour
 a - a +0 robe (worn)
 d - a +0 hat
Scrolls
 c - a scroll of revelation {unknown}
 g - 2 scrolls of teleportation {unknown}
 h - a scroll of identify {unknown}
 i - a scroll of silence {unknown}
Potions
 b - a potion of magic
 f - a potion of resistance {unknown}


   Skills:
 - Level 2.4 Dodging
 - Level 2.4 Stealth
 + Level 3.6 Spellcasting
 + Level 1.9 Conjurations
 + Level 3.7 Air Magic


You had 7 spell levels left.
You knew the following spells:

 Your Spells              Type           Power      Damage    Failure   Level
a - Shock                 Conj/Air       56%        1d6       4%          1

Your spell library contained the following spells:

 Spells                   Type           Power      Damage    Failure   Level
 Static Discharge         Conj/Air       28%        3-5/arc   7%          2
 Swiftness                Air            17%        N/A       9%          3
 Airstrike                Air            8%         2d(2-18)  30%         4


Dungeon Overview and Level Annotations

Branches:
Dungeon (2/15)

Altars:

Annotations:
D:2 Terence


Message History

A ribbon worm comes into view.
Casting: Shock (safe; 4% risk of failure)
Confirm with . or Enter, or press ? or * to list all spells.
Aiming: Shock (safe; 4% risk of failure)
Press: ? - help, Shift-Dir - straight line, f - ribbon worm
Aim: a ribbon worm (asleep, 100% to hit)
The zap hits the ribbon worm.
The ribbon worm is moderately wounded.
You now have 7/8 mp.
Casting: Shock (safe; 4% risk of failure)
Confirm with . or Enter, or press ? or * to list all spells.
Aiming: Shock (safe; 4% risk of failure)
Press: ? - help, Shift-Dir - straight line, f/p - ribbon worm
Aim: a ribbon worm (moderately wounded, 90% to hit)
The zap hits the ribbon worm.
The ribbon worm is moderately wounded.
You now have 6/8 mp.
Casting: Shock (safe; 4% risk of failure)
Confirm with . or Enter, or press ? or * to list all spells.
Aiming: Shock (safe; 4% risk of failure)
Press: ? - help, Shift-Dir - straight line, f/p - ribbon worm
Aim: a ribbon worm (moderately wounded, 90% to hit)
The zap hits the ribbon worm.
The ribbon worm is severely wounded.
You now have 5/8 mp.
The ribbon worm attacks as it pursues you!
The ribbon worm bites you.
You take 6 damage, and have 9/15 hp.
MASSIVE DAMAGE!!
Casting: Shock (safe; 4% risk of failure)
Confirm with . or Enter, or press ? or * to list all spells.
Aiming: Shock (safe; 4% risk of failure)
Press: ? - help, Shift-Dir - straight line, f/p - ribbon worm
Aim: a ribbon worm (heavily wounded, 90% to hit)
The zap hits the ribbon worm.
The ribbon worm is severely wounded.
The zap hits the ribbon worm.
You kill the ribbon worm!
You now have 4/8 mp.
You see here a ribbon worm corpse.
Found a robe.
Health restored: 15; MP restored: 8 Terence the Incautious comes into view.
He is wielding a +0 flail.
Found a sling.
Terence is nearby!
Casting: Shock (safe; 4% risk of failure)
Confirm with . or Enter, or press ? or * to list all spells.
Aiming: Shock (safe; 4% risk of failure)
Press: ? - help, Shift-Dir - straight line, f - Terence
Aim: Terence, wielding a +0 flail and wearing a +0 chain mail (asleep, 100% to hit)
The zap hits Terence.
Terence is lightly wounded.
Terence shouts!
You now have 7/8 mp.
Casting: Shock (safe; 4% risk of failure)
Confirm with . or Enter, or press ? or * to list all spells.
Aiming: Shock (safe; 4% risk of failure)
Press: ? - help, Shift-Dir - straight line, f/p - Terence
Aim: Terence, wielding a +0 flail and wearing a +0 chain mail (lightly wounded, 79% to hit)
The zap misses Terence.
You now have 6/8 mp.
Casting: Shock (safe; 4% risk of failure)
Confirm with . or Enter, or press ? or * to list all spells.
Aiming: Shock (safe; 4% risk of failure)
Press: ? - help, Shift-Dir - straight line, f/p - Terence
Aim: Terence, wielding a +0 flail and wearing a +0 chain mail (lightly wounded, 79% to hit)
The zap hits Terence but does no damage.
Terence is lightly wounded.
The zap hits Terence but does no damage.
Terence is lightly wounded.
You now have 5/8 mp.
Casting: Shock (safe; 4% risk of failure)
Confirm with . or Enter, or press ? or * to list all spells.
Aiming: Shock (safe; 4% risk of failure)
Press: ? - help, Shift-Dir - straight line, f/p - Terence
Aim: Terence, wielding a +0 flail and wearing a +0 chain mail (lightly wounded, 79% to hit)
The zap misses Terence.
The zap hits Terence but does no damage.
Terence is lightly wounded.
Terence says, "Don't bother to defend, it's pointless."
Terence attacks as he pursues you! Terence closely misses you.
Terence attacks as he pursues you! Terence hits you with a +0 flail.
You take 4 damage, and have 11/15 hp.
MASSIVE DAMAGE!!
Terence attacks as he pursues you! Terence hits you with a +0 flail.
You take 4 damage, and have 7/15 hp.
MASSIVE DAMAGE!!
Unknown command.
Okay, then.
You aren't carrying any items that you can evoke.
Unknown command.
Okay, then.
Unknown command.
Terence says, "Time to say good-bye..."
Terence attacks as he pursues you! Terence hits you with a +0 flail.
* * * LOW HITPOINT WARNING * * *
You take 6 damage, and have 1/15 hp.
MASSIVE DAMAGE!!
It was a potion of curing.
You feel better. Terence looks scornfully at you.
Terence hits you with a +0 flail!
Ouch! That really hurt!
You die...
Terence says, "Rest in peace."

### ..# .. #.. #.#
..###..### #.#
...........##.##### #
...... #........# # .....
####.###†# # #..# #@###.#
#..######@##..#
)..###.........#...#
........#########.##
#..###...# #.# # #$....#
#.# ##
#.......######.#####
.###[.........#.........#
...#..........+.......#.#


You could see Terence.

Vanquished Creatures
  A dart slug (D:2)
  A ribbon worm (D:2)
  A ball python (D:1)
  2 endoplasms (D:1)
  A giant cockroach (D:1)
  3 hobgoblins
  A bat (D:2)
  3 frilled lizards
  4 kobolds (D:1)
  2 rats (D:1)
19 creatures vanquished.

Notes
Turn   | Place    | Note
-------+----------+-------------------------------------------
     0 | D:1      | gimp the Deep Elf Air Elementalist began the quest for the
                  | Orb.
     0 | D:1      | Reached XP level 1. HP: 10/10 MP: 6/6
   387 | D:1      | Reached XP level 2. HP: 15/15 MP: 4/8
  1085 | D:2      | Noticed Terence
  1101 | D:2      | Slain by Terence

Illustrated notes

Levels and vault maps discovered:
D:1:      mrwooster_arrival_arrow, layout_basic
D:2:      layout_loops_corners, hellmonk_ecumenical_altar_zigzags, uniq_terence

Action                     || total
---------------------------++-------
   Cast: Shock             ||    41
    Use: Potion            ||     1
 Armour: Robe              ||     7
  Dodge: Dodged            ||     2

Table legend: (Time is in decaauts)
 A = Elapsed time spent in this place.
 B = Non-inter-level travel time spent in this place.
 C = Inter-level travel time spent in this place.
 D = Time resting spent in this place.
 E = Time spent auto-exploring this place.
 F = Levels seen in this place.
 G = Mean time per level.
                   A        B        C        D        E       F      G
               +--------+--------+--------+--------+--------+-----+--------+
         Total |   1100 |   1083 |     17 |      0 |    951 |   2 |  550.0 |
       Dungeon |   1100 |   1083 |     17 |      0 |    951 |   2 |  550.0 |
               +--------+--------+--------+--------+--------+-----+--------+

Top non-repeatable levels by time:
     D:1: 809 daAuts
     D:2: 291 daAuts
